 Dungeon Crawl Stone Soup version 0.21-a0-625-g1119ec1 (webtiles) character file.

222 tidbits the Insei (level 5, -7/41 HPs)
             Began as a Gnoll Transmuter on Dec 24, 2017.
             Killed by nerve-wracking pain
             ... invoked by Grinder
              (14 damage)
             ... while paralysed by Grinder
             ... on level 5 of the Dungeon.
             The game lasted 00:07:20 (885 turns).

tidbits the Insei (Gnoll Transmuter)                 Turns: 885, Time: 00:07:20

Health: -7/41      AC:  2    Str: 12    XL:     5   Next: 99%
Magic:  4/12       EV:  5    Int: 17    God:
Gold:   107        SH:  0    Dex: 20    Spells: 8/14 levels left

rFire    . . .     SeeInvis .     - Unarmed
rCold    . . .     Gourm    .   (shield currently unavailable)
rNeg     . . .     Faith    .   (armour currently unavailable)
rPois    x         Spirit   .   (helmet currently unavailable)
rElec    .         Reflect  .   (cloak currently unavailable)
rCorr    .         Harm     .   (gloves currently unavailable)
MR       .....                  (boots currently unavailable)
Stlth    ++........             e - amulet of rage
HPRegen  0.13/turn              (no ring)
MPRegen  0.13/turn              (no ring)

@: paralysed, spider-form (expiring), hasted
A: tiny, distributed training, strong nose
a: End Transformation, Evoke Berserk Rage


You were on level 5 of the Dungeon.
You were not hungry.
You were a venomous arachnid creature.
You visited 1 branch of the dungeon, and saw 5 of its levels.

You collected 107 gold pieces.

Inventory:

Hand Weapons
 l - a +0 hunting sling
 t - a +0 dagger
Missiles
 a - 32 arrows
 m - 42 stones (quivered)
 u - 8 tomahawks
Armour
 j - a +0 ring mail
 r - a +0 buckler
 B - a +0 robe (melded)
 F - a +0 pair of boots (melded)
Jewellery
 e - an amulet of rage (around neck)
   (You found it on level 2 of the Dungeon)
 k - an uncursed amulet of the gourmand
   (You found it on level 2 of the Dungeon)
Wands
 s - a wand of disintegration (15)
Scrolls
 b - a scroll of remove curse {unknown}
 i - a scroll of magic mapping {unknown}
 n - 2 scrolls of enchant weapon {unknown}
 p - a scroll of fear
 q - a scroll of random uselessness
Potions
 f - a potion of invisibility {unknown}
 h - 2 potions of heal wounds {unknown}
Books
 c - a book of Changes

   Spells                             Type                      Level
   a - Beastly Appendage              Transmutation                1
   b - Sticks to Snakes               Transmutation                2
   c - Spider Form                    Transmutation/Poison         3
   d - Ice Form                       Ice/Transmutation            4
   e - Blade Hands                    Transmutation                5
Comestibles
 d - 5 rations


   Skills:
 + Level 3.1 Fighting
 + Level 1.6 Short Blades
 + Level 1.6 Long Blades
 + Level 1.6 Axes
 + Level 1.6 Maces & Flails
 + Level 1.6 Polearms
 + Level 1.6 Staves
 + Level 1.6 Slings
 + Level 1.6 Bows
 + Level 1.6 Crossbows
 + Level 1.6 Throwing
 + Level 1.6 Armour
 + Level 4.8 Dodging
 + Level 1.6 Stealth
 + Level 1.6 Shields
 + Level 6.7 Unarmed Combat
 + Level 5.2 Spellcasting
 + Level 1.3 Conjurations
 + Level 1.3 Hexes
 + Level 1.3 Charms
 + Level 1.3 Summonings
 + Level 1.3 Necromancy
 + Level 1.3 Translocations
 + Level 4.0 Transmutations
 + Level 1.3 Fire Magic
 + Level 1.3 Ice Magic
 + Level 1.3 Air Magic
 + Level 1.3 Earth Magic
 + Level 1.3 Poison Magic
 + Level 1.9 Invocations
 + Level 1.6 Evocations


You had 8 spell levels left.
You knew the following spells:

 Your Spells              Type           Power        Failure   Level  Hunger
e - Beastly Appendage     Tmut           ###...       10%         1    None
k - Sticks to Snakes      Tmut           ###.....     13%         2    #......
p - Spider Form           Tmut/Pois      ##........   32%         3    ###....


Dungeon Overview and Level Annotations

Branches:
Dungeon (5/15)
 Temple: D:4-7

Altars:

Annotations:
D:5 Grinder


Innate Abilities, Weirdness & Mutations

Your experience applies equally to all skills.
((You have very sharp teeth.))
Your uncanny sense of smell can sniff out nearby items.


Message History

Your +0 pair of boots unmelds from your body.
Your +0 robe unmelds from your body.
Found 8 tomahawks.
Your magical contamination has completely faded away.
You see here 8 tomahawks.
u - 8 tomahawks
There is a stone staircase leading down here.
You climb downwards.
The gnoll hits you with a spear. The gnoll closely misses you.
There is a stone staircase leading up here.
Casting: Spider Form
Confirm with . or Enter, or press ? or * to list all spells.
You turn into a venomous arachnid creature.
Your +0 pair of boots melds into your body.
Your +0 robe melds into your body.
The gnoll misses you.
You hit the gnoll.
The gnoll is poisoned.
The gnoll is heavily wounded.
The gnoll hits you with a spear.
* * * LOW HITPOINT WARNING * * *
You bite the gnoll!
You kill the gnoll!
The frilled lizard closely misses you. The gnoll misses you.
The frilled lizard closely misses you. The gnoll barely misses you.
You see here a spear.
You hit the gnoll.
The gnoll is poisoned.
The gnoll is moderately wounded.
Your transformation is almost over.
The frilled lizard bites you.
* * * LOW HITPOINT WARNING * * *
The gnoll misses you.
You bite the gnoll!
You kill the gnoll!
The frilled lizard completely misses you.
The frilled lizard bites you.
* * * LOW HITPOINT WARNING * * *
Things that are here:
a halberd; a gnoll corpse You barely miss the frilled lizard.
The frilled lizard completely misses you.
You bite the frilled lizard!
You kill the frilled lizard!
Things that are here:
a halberd; a gnoll corpse Your transformation has ended.
Your +0 pair of boots unmelds from your body.
Your +0 robe unmelds from your body.
Things that are here:
a spear; a gnoll corpse
Things that are here:
a spear; a gnoll corpse
Found two stone staircases leading down.
Things that are here:
a scroll labeled KYEWUWK ARYU; a sapphire potion
g - 3 scrolls labeled KYEWUWK ARYU (gained 1)
h - 2 sapphire potions (gained 1)
As you read the scroll labeled KYEWUWK ARYU, it crumbles to dust.
It is a scroll of identify.
o - a potion of haste
As you read the scroll of identify, it crumbles to dust.
q - a scroll of random uselessness
As you read the scroll of identify, it crumbles to dust.
p - a scroll of fear
There is a stone staircase leading down here.
You climb downwards.
Grinder comes into view.
Grinder shouts!
There is a stone staircase leading up here.
Okay, then.
Casting: Spider Form
Confirm with . or Enter, or press ? or * to list all spells.
You create a snake!
You now have 32 arrows.
Casting: Sticks to Snakes
Confirm with . or Enter, or press ? or * to list all spells.
You turn into a venomous arachnid creature.
Your +0 pair of boots melds into your body.
Your +0 robe melds into your body.
Grinder hits you.
* * * LOW HITPOINT WARNING * * *
You writhe in agony.
* * * LOW HITPOINT WARNING * * *
You feel yourself speed up. Grinder gestures at you.
You suddenly lose the ability to move!
Your ball python bites Grinder.
Your ball python grabs Grinder.
Your ball python constricts Grinder.
Grinder hits you.
* * * LOW HITPOINT WARNING * * *
You writhe in agony.
* * * LOW HITPOINT WARNING * * *
Your ball python bites Grinder but does no damage.
Your ball python constricts Grinder.
Grinder hits you but does no damage.
Your ball python bites Grinder but does no damage.
Your ball python constricts Grinder.
Your ball python completely misses Grinder.
Your ball python constricts Grinder.
Grinder gestures at you. You resist with significant effort.
Your transformation is almost over.
Your ball python bites Grinder.
Your ball python constricts Grinder.
Grinder gestures at you. Pain shoots through your body!
You die...

. ..#
..##
..###
#∆
#.S#.#
#s5.#
###...#
..# .#
.. .. ∆
#


You could see Grinder and a friendly ball python.

Vanquished Creatures
  An orc wizard (D:3)
  2 worker ants (D:4)
  4 gnolls (D:4)
  6 adders
  An adder skeleton (D:4)
  A worm (D:2)
  A dart slug (D:1)
  3 orcs
  4 bats
  9 hobgoblins
  A quokka (D:3)
  4 frilled lizards
  7 goblins
  2 kobolds
  7 rats
53 creatures vanquished.

Notes
Turn   | Place    | Note
-------+----------+-------------------------------------------
     0 | D:1      | tidbits the Gnoll Transmuter began the quest for the Orb.
     0 | D:1      | Reached XP level 1. HP: 17/17 MP: 6/6
    64 | D:1      | Reached XP level 2. HP: 9/23 MP: 7/7
   198 | D:1      | Reached XP level 3. HP: 14/28 MP: 7/9
   224 | D:2      | Reached skill level 5 in Spellcasting
   367 | D:3      | Reached skill level 1 in Invocations
   445 | D:3      | Learned a level 2 spell: Sticks to Snakes
   449 | D:3      | Learned a level 3 spell: Spider Form
   457 | D:3      | Reached skill level 1 in Short Blades
   457 | D:3      | Reached skill level 1 in Long Blades
   457 | D:3      | Reached skill level 1 in Axes
   457 | D:3      | Reached skill level 1 in Maces & Flails
   457 | D:3      | Reached skill level 1 in Polearms
   457 | D:3      | Reached skill level 1 in Staves
   457 | D:3      | Reached skill level 1 in Slings
   457 | D:3      | Reached skill level 1 in Bows
   457 | D:3      | Reached skill level 1 in Crossbows
   457 | D:3      | Reached skill level 1 in Throwing
   457 | D:3      | Reached skill level 1 in Armour
   457 | D:3      | Reached skill level 1 in Stealth
   457 | D:3      | Reached skill level 1 in Shields
   457 | D:3      | Reached skill level 1 in Evocations
   458 | D:3      | Reached XP level 4. HP: 34/34 MP: 7/11
   550 | D:3      | Reached skill level 1 in Conjurations
   550 | D:3      | Reached skill level 1 in Hexes
   550 | D:3      | Reached skill level 1 in Charms
   550 | D:3      | Reached skill level 1 in Summonings
   550 | D:3      | Reached skill level 1 in Necromancy
   550 | D:3      | Reached skill level 1 in Translocations
   550 | D:3      | Reached skill level 1 in Fire Magic
   550 | D:3      | Reached skill level 1 in Ice Magic
   550 | D:3      | Reached skill level 1 in Air Magic
   550 | D:3      | Reached skill level 1 in Earth Magic
   550 | D:3      | Reached skill level 1 in Poison Magic
   564 | D:4      | Reached XP level 5. HP: 40/40 MP: 8/12
   741 | D:4      | Reached skill level 3 in Fighting
   750 | D:4      | Reached skill level 4 in Transmutations
   878 | D:5      | Entered Level 5 of the Dungeon
   878 | D:5      | Noticed Grinder
   881 | D:5      | Paralysed by Grinder for 7 turns
   885 | D:5      | Killed from afar by Grinder

Vault maps used:
D:1:      lemuel_arrival_lava_pool
D:2:      gammafunk_temple_overflow_statue, first_ration
D:3:      kennysheep_goblin_castle
D:4:      nicolae_overflow_hidden_temple, minmay_temple_entry_poolview
D:5:      lemuel_doored_altar, lemuel_coloured_pillars_altar, fedhas_altar_2,
          uniq_grinder

Skill      XL: |  1  2  3  4  5 |
---------------+----------------+-----
Spellcasting   | 5 |  5.2
Invocations    | 1 |  1.9
Short Blades   | 1 |  1.6
Long Blades    | 1 |  1.6
Axes           | 1 |  1.6
Maces & Flails | 1 |  1.6
Polearms       | 1 |  1.6
Staves         | 1 |  1.6
Slings         | 1 |  1.6
Bows           | 1 |  1.6
Crossbows      | 1 |  1.6
Throwing       | 1 |  1.6
Armour         | 1 |  1.6
Stealth        | 1 |  1.6
Shields        | 1 |  1.6
Evocations     | 1 |  1.6
Conjurations   | 1 |  1.3
Hexes          | 1 |  1.3
Charms         | 1 |  1.3
Summonings     | 1 |  1.3
Necromancy     | 1 |  1.3
Translocations | 1 |  1.3
Fire Magic     | 1 |  1.3
Ice Magic      | 1 |  1.3
Air Magic      | 1 |  1.3
Earth Magic    | 1 |  1.3
Poison Magic   | 1 |  1.3
Fighting       | 3 |  3.1
Transmutations | 4 |  4.0
Dodging        | |  4.8
Unarmed Combat | |  6.7

Action                   |  1- 3 |  4- 6 || total
-------------------------+-------+-------++-------
Melee: Unarmed           |    65 |    45 ||   110
       Headbutt          |     7 |       ||     7
       Bite              |     3 |       ||     3
       Kick              |     1 |       ||     1
 Fire: Hunting sling     |     1 |       ||     1
 Cast: Beastly Appendage |    16 |       ||    16
       Spider Form       |     1 |     9 ||    10
       Sticks to Snakes  |       |     4 ||     4
 Abil: Evoke Berserk Rag |     4 |       ||     4
       End Transformatio |     1 |       ||     1
  Use: Scroll            |       |     3 ||     3
       Potion            |       |     1 ||     1
 Stab: Sleeping          |     2 |     4 ||     6
  Eat: Chunk             |     1 |     3 ||     4
Armor: Robe              |     7 |     1 ||     8
       Skin              |       |     2 ||     2
Dodge: Dodged            |    31 |    44 ||    75

Table legend:
 A = Spawn XP
 B = Non-spawn XP
 C = Spawn XP percentage of total XP
 D = Spawn monster count
 E = Non-spawn monster count
 F = Spawn count percentage of total count
 G = Total turns spent on level
                    A         B        C        D         E        F      G
               +---------+---------+-------+---------+---------+-------+---------
         Total |       0 |     318 |   0.0 |       0 |      53 |   0.0 |   885
               +---------+---------+-------+---------+---------+-------+---------
           D:1 |       0 |      21 |   0.0 |       0 |      13 |   0.0 |   195
           D:2 |       0 |      29 |   0.0 |       0 |       9 |   0.0 |   152
           D:3 |       0 |     109 |   0.0 |       0 |      20 |   0.0 |   376
           D:4 |       0 |     159 |   0.0 |       0 |      11 |   0.0 |   155
               +---------+---------+-------+---------+---------+-------+---------

Table legend:
 A = Turns spent in this place as a percentage of turns spent in the entire game.
 B = Non-inter-level travel turns spent in this place as a percentage of non-inter-level travel turns spent in the entire game.
 C = Inter-level travel turns spent in this place as a percentage of turns spent in this place.
 D = Turns resting spent in this place as a percentage of non-inter-level travel turns spent in this place.
 E = Turns spent auto-exploring this place as a percentage of non-inter-level travel turns spent in this place.
 F = Non-inter-level travel turns spent in this place divided by the number of levels of this place that you've seen.
                   A       B       C       D       E      F
               +-------+-------+-------+-------+-------+----------------------
         Total | 100.0 | 100.0 |   2.3 |   0.0 |   0.0 | 173.0
       Dungeon | 100.0 | 100.0 |   2.3 |   0.0 |   0.0 | 173.0
               +-------+-------+-------+-------+-------+----------------------

Table legend:
 A = Kills in this place as a percentage of kills in entire the game.
 B = Kills by you in this place as a percentage of kills by you in the entire game.
 C = Kills by friends in this place as a percentage of kills by friends in the entire game.
 D = Other kills in this place as a percentage of other kills in the entire game.
 E = Experience gained in this place as a percentage of experience gained in the entire game.
 F = Experience gained in this place divided by the number of levels of this place that you have seen.
                   A       B       C       D       E      F
               +-------+-------+-------+-------+-------+----------------------
         Total | 100.0 | 100.0 |   N/A |   N/A | 100.0 |  63.6
       Dungeon | 100.0 | 100.0 |   N/A |   N/A | 100.0 |  63.6
               +-------+-------+-------+-------+-------+----------------------

Vault maps used:
D:1:      lemuel_arrival_lava_pool
D:2:      gammafunk_temple_overflow_statue, first_ration
D:3:      kennysheep_goblin_castle
D:4:      nicolae_overflow_hidden_temple, minmay_temple_entry_poolview
D:5:      lemuel_doored_altar, lemuel_coloured_pillars_altar, fedhas_altar_2,
          uniq_grinder
